Map: Whirlwind LE (Void)

Players

BloodShed

  • Race: Terran Terran
  • Spawn Location: 11:00

Fropez - Winner!

  • Race: Protoss Protoss
  • League: Gold
  • Spawn Location: 1:00

VOD

Have the link to the VOD?

Description

Time

  • Played on: Jan. 1, 2017, 1:12 a.m.
  • Length: 18:34
Show
View Real Time Build Order
Export as new Build Order

BloodShed Terran 

Build Orders: Liberator Opening, MMM Bio 

Get SALT Encoding   

  12  0:00  SCV  
  13  0:17  Supply Depot  
  13  0:19  SCV  
  14  0:31  SCV  
  14  0:34  Refinery  
  15  0:43  SCV  
  16  0:55  SCV, Barracks  
  17  1:07  SCV  
  18  1:19  SCV  
  19  1:32  SCV  
  20  1:39  Refinery  
  20  1:42  Marine  
  21  1:52  Supply Depot  
  21  1:54  Orbital Command  
  21  1:57  Factory  
  21  2:02  Barracks  
  21  2:16  Barracks Reactor  
  21  2:22  SCV  
  22  2:35  SCV  
  23  2:40  Factory Reactor  
  23  2:42  Starport  
  23  2:57  Marine x2  
  25  3:00  Command Center  
  25  3:02  Barracks Tech Lab  
  25  3:09  SCV  
  26  3:17  Liberator  
  26  3:21  SCV  
  26  3:23  Starport Reactor  
  26  3:33  Medivac  
  28  3:37  Factory Tech Lab  
  31  3:42  Supply Depot  
  31  3:51  Stimpack  
  31  4:03  Widow Mine  
  31  4:04  Marine x3  
  31  4:08  Supply Depot  
  36  4:12  Orbital Command, Liberator  
  36  4:26  Marine x2  
  36  4:27  Marine  
  42  4:33  SCV  
  43  4:45  SCV  
  43  4:49  Siege Tank  
  47  4:58  SCV  
  48  5:05  Marine x2  
  48  5:06  Marine  
  46  5:52  Combat Shields  
  42  6:00  Marine x2, Marauder  
  42  6:03  Medivac x2  
  48  6:14  SCV  
  48  6:18  SCV  
  50  6:21  Marauder  
  50  6:22  Siege Tank  
  55  6:26  SCV  
  55  6:27  Marine x2  
  55  6:30  SCV  
  59  6:36  Barracks  
  59  6:38  SCV, Barracks  
  60  6:42  SCV  
  61  6:50  SCV  
  62  7:03  Supply Depot  
  62  7:07  Liberator x2  
  62  7:18  Refinery  
  62  7:19  Engineering Bay  
  62  7:23  Supply Depot  
  62  7:25  Marauder  
  62  7:28  Command Center  
  70  7:44  SCV x2  
  72  7:57  SCV  
  72  7:58  Marine  
  72  7:59  Marine x3, Marauder  
  69  8:16  Marine  
  69  8:20  Marauder  
  59  8:48  Marine x2  
  59  8:49  Marine x2, Marauder  
  65  9:06  Marine x2  
  67  9:10  Marauder  
  67  9:11  Marine  
  67  9:12  Marine  
  69  9:24  Marine  
  69  9:31  Marauder  
  64  9:43  Medivac x2  
  64  9:45  Siege Tank  
  67  9:53  Marauder  
  67  10:05  Liberator x2  
  65  10:17  Siege Tank  
  65  10:19  Barracks Reactor  
  65  10:20  Barracks Tech Lab  
  68  10:22  Barracks  
  65  11:13  Terran Infantry Weapons Level 1  
  65  11:15  Armory  
  65  11:21  Siege Tank  
  68  11:29  Marine x3, Barracks  
  68  11:30  Marine x4  
  75  11:46  Refinery  
  73  11:57  Missile Turret  
  70  12:32  Terran Vehicle Weapons Level 1  
  70  12:34  Barracks Tech Lab  
  70  12:36  Barracks Reactor, Concussive Shells  
  70  12:37  Barracks Tech Lab  
  70  12:47  SCV  
  70  12:50  SCV  
  72  13:00  SCV  
  72  13:01  Missile Turret  
  72  13:02  SCV  
  72  13:04  Engineering Bay  
  74  13:08  Missile Turret  
  74  13:12  SCV  
  75  13:14  SCV  
  67  13:21  Marauder  
  67  13:24  SCV  
  67  13:26  SCV  
  71  13:36  SCV  
  72  13:42  Marauder  
  74  14:00  Siege Tank  
  74  14:01  Marine  
  78  14:17  Missile Turret  
  68  15:21  Marine x3, Marauder  
  68  15:22  Marine x3, Marauder  
  68  15:24  Terran Infantry Armor Level 1  
  78  15:30  Supply Depot  
  78  15:33  Supply Depot  
  78  15:39  Marine  
  78  16:17  Marine x5, Marauder x2  
  83  16:18  Medivac  
  83  16:19  Medivac  
  87  16:32  Missile Turret  
  87  16:34  Siege Tank  
  87  16:38  Marauder  
  77  17:19  Marine x4, Marauder x2  
  77  17:20  Marine x2  
  86  17:37  Marine  
  86  17:38  Marine x2  
  86  17:39  Marine x2  
  86  17:40  Marauder  
  86  17:41  Marauder  
  86  17:42  Medivac x2  
  98  17:56  Marine x4  
  98  17:57  Marine  
  98  18:02  Marauder x2  
Show
View Real Time Build Order
Export as new Build Order

Fropez Protoss - Winner!

Build Orders: 1 Gate Expand 

Get SALT Encoding   

  12  0:01  Probe (Chrono Boost)  
  13  0:11  Probe (Chrono Boost)  
  14  0:19  Pylon  
  14  0:22  Probe (Chrono Boost)  
  15  0:37  Probe (Chrono Boost)  
  15  0:38  Gateway  
  16  0:48  Probe (Chrono Boost)  
  17  0:58  Probe (Chrono Boost)  
  17  1:02  Assimilator  
  18  1:09  Probe (Chrono Boost)  
  19  1:24  Nexus  
  19  1:27  Probe (Chrono Boost)  
  20  1:38  Cybernetics Core  
  20  1:39  Probe (Chrono Boost)  
  21  1:49  Pylon  
  21  2:13  Probe (Chrono Boost)  
  22  2:23  Assimilator  
  22  2:28  Probe (Chrono Boost)  
  23  2:32  Pylon  
  23  2:36  Adept  
  25  2:39  Mothership Core (Chrono Boost)  
  25  2:41  Warp Gate  
  27  2:48  Probe (Chrono Boost)  
  29  2:59  Probe (Chrono Boost)  
  29  3:01  Pylon  
  29  3:08  Probe (Chrono Boost)  
  29  3:12  Probe (Chrono Boost)  
  31  3:14  Pylon  
  31  3:18  Probe (Chrono Boost), Gateway  
  32  3:22  Gateway  
  32  3:30  Probe (Chrono Boost)  
  32  3:31  Probe (Chrono Boost)  
  34  3:41  Probe (Chrono Boost)  
  35  3:43  Probe (Chrono Boost)  
  36  3:51  Probe (Chrono Boost)  
  36  3:55  Probe (Chrono Boost)  
  38  3:59  Pylon  
  38  4:00  Pylon, Stalker  
  38  4:02  Probe (Chrono Boost)  
  41  4:04  Assimilator  
  41  4:07  Probe (Chrono Boost)  
  42  4:26  Probe (Chrono Boost)  
  42  4:27  Probe (Chrono Boost)  
  44  4:39  Probe (Chrono Boost)  
  44  4:40  Probe (Chrono Boost)  
  44  4:41  Pylon  
  44  4:42  Pylon  
  46  4:46  Adept  
  46  4:47  Adept x2, Twilight Council  
  46  4:50  Probe (Chrono Boost)  
  46  4:51  Gateway  
  54  4:53  Probe (Chrono Boost)  
  54  5:00  Probe (Chrono Boost)  
  54  5:05  Probe (Chrono Boost)  
  56  5:11  Probe (Chrono Boost), Stalker x3  
  61  5:17  Probe (Chrono Boost)  
  63  5:21  Probe (Chrono Boost)  
  63  5:24  Pylon  
  60  5:29  Probe (Chrono Boost)  
  60  5:33  Pylon  
  60  5:42  Pylon, Stalker x2  
  59  6:14  Stalker x3  
  63  6:19  Nexus  
  63  6:22  Assimilator  
  63  6:26  Assimilator  
  63  6:27  Blink  
  63  6:28  Pylon  
  63  6:30  Assimilator  
  63  6:31  Pylon  
  63  6:38  Stalker x2  
  63  6:39  Stalker  
  69  6:43  Nexus  
  69  6:45  Assimilator  
  69  6:49  Assimilator  
  69  6:54  Pylon  
  69  6:55  Pylon  
  69  6:56  Probe (Chrono Boost)  
  69  6:57  Probe (Chrono Boost)  
  69  6:59  Robotics Facility  
  71  7:07  Adept x4  
  79  7:14  Probe (Chrono Boost)  
  81  7:16  Probe (Chrono Boost)  
  81  7:25  Probe (Chrono Boost)  
  81  7:26  Gateway, Dark Shrine  
  82  7:33  Stalker x3  
  88  7:43  Adept  
  80  8:13  Pylon  
  80  8:17  Stalker x4  
  80  8:19  Pylon  
  57  8:46  Stalker x4  
  57  8:48  Probe x3 (Chrono Boost)  
  63  8:49  Probe (Chrono Boost)  
  62  8:59  Pylon  
  59  9:03  Stalker  
  56  9:10  Gateway  
  56  9:15  Probe (Chrono Boost)  
  56  9:16  Probe (Chrono Boost)  
  54  9:21  Stalker  
  54  9:22  Stalker x3  
  62  9:32  Robotics Facility  
  60  9:42  Pylon  
  60  9:55  Stalker  
  60  9:56  Stalker x4  
  60  9:58  Probe x2 (Chrono Boost)  
  60  9:59  Probe (Chrono Boost)  
  73  10:02  Probe (Chrono Boost)  
  72  10:08  Probe (Chrono Boost)  
  66  10:40  Dark Templar  
  66  10:41  Dark Templar  
  66  11:07  Stalker x2  
  66  11:08  Stalker  
  72  11:11  Assimilator  
  72  11:15  Dark Templar x2  
  76  11:22  Probe (Chrono Boost)  
  77  11:27  Probe (Chrono Boost)  
  77  11:32  Observer, Probe (Chrono Boost)  
  79  11:38  Probe (Chrono Boost), Dark Templar  
  83  11:43  Probe (Chrono Boost)  
  84  11:48  Probe (Chrono Boost)  
  84  11:50  Observer  
  84  11:53  Probe (Chrono Boost)  
  87  11:59  Probe (Chrono Boost)  
  88  12:04  Probe (Chrono Boost)  
  88  12:05  Dark Templar  
  91  12:09  Probe (Chrono Boost)  
  88  12:31  Gateway  
  88  12:32  Probe x2 (Chrono Boost)  
  88  12:33  Probe x2 (Chrono Boost), Gateway  
  88  12:36  Gateway  
  92  12:39  Gateway  
  92  12:40  Gateway  
  92  12:42  Gateway  
  93  12:44  Probe (Chrono Boost)  
  93  12:46  Stalker  
  95  12:55  Probe (Chrono Boost)  
  96  12:58  Stalker x2  
  100  13:20  Stalker  
  100  13:21  Stalker x2  
  106  13:34  Dark Templar  
  106  13:37  Probe x2 (Chrono Boost)  
  106  13:38  Probe (Chrono Boost)  
  106  13:39  Warp Prism  
  113  13:54  Forge  
  113  13:55  Forge  
  111  14:10  Stalker  
  111  14:11  Stalker x4  
  111  14:15  Protoss Ground Weapons Level 1, Protoss Ground Armor Level 1  
  121  14:20  Pylon  
  121  14:21  Pylon  
  121  14:23  Pylon  
  120  14:28  Pylon  
  120  14:37  Probe x2 (Chrono Boost)  
  124  14:38  Probe x2 (Chrono Boost)  
  124  14:40  Pylon  
  124  14:46  Observer  
  125  14:55  Stalker x2  
  125  14:56  Stalker  
  125  14:57  Stalker  
  133  15:05  Shadow Stride  
  133  15:25  Nexus  
  133  15:29  Assimilator  
  133  15:33  Assimilator  
  132  15:36  Pylon  
  132  15:38  Pylon  
  132  15:40  Observer  
  135  15:58  Probe x2 (Chrono Boost)  
  135  16:06  Nexus, Protoss Ground Weapons Level 2, Protoss Ground Armor Level 2  
  135  16:09  Assimilator  
  133  16:13  Assimilator  
  133  16:18  Pylon  
  133  16:20  Nexus  
  133  16:21  Pylon  
  133  16:23  Probe (Chrono Boost)  
  133  16:24  Probe (Chrono Boost)  
  133  16:25  Probe x2 (Chrono Boost)  
  137  16:29  Resonating Glaives  
  137  16:37  Observer, Probe (Chrono Boost)  
  139  16:40  Stalker  
  139  16:41  Stalker x6  
  139  16:42  Stalker x2  
  139  16:44  Probe x3 (Chrono Boost)  
  139  16:45  Probe (Chrono Boost)  
  161  16:49  Probe (Chrono Boost)  
  161  16:51  Pylon  
  162  16:59  Observer  
  164  17:01  Probe (Chrono Boost)  
  138  17:41  Stalker x4  
  138  17:42  Stalker x3  
  150  17:44  Stalker x2  
  150  17:45  Stalker x3  
  154  18:08  Dark Templar x4  
  154  18:09  Dark Templar x4  
  154  18:10  Dark Templar x2  
  154  18:11  Dark Templar x2  
Tags
 
Add a new tag
Caveats
  • Supply blocks, unpowered buildings, or Contaminate may cause inaccurate times.
  • Supply counts are checked every 10 seconds.